 Dungeon Sprint DCSS version 0.27.1 (webtiles) character file.

Game seed: 18201287082934895834

1819 styxcanada the Imperceptible (level 8, -10/44 HPs)
             Began as a Spriggan Brigand on Sept 5, 2021.
             Was an Initiate of Gozag.
             Killed from afar by a burning bush (18 damage)
             ... with a puff of flame
             ... in the Dungeon (Sprint IV: "Fedhas' Mad Dash").
             The game lasted 00:05:28 (1283 turns).

styxcanada the Imperceptible (Spriggan Brigand)     Turns: 1283, Time: 00:05:29

Health: -10/44     AC:  3    Str:  7    XL:     8   Next: 85%
Magic:  9/9        EV: 24    Int: 12    God:    Gozag
Gold:   774        SH:  0    Dex: 19    Spells: 7/7 levels left

rFire    . . .     SeeInvis +   a - +2 dagger (vamp)
rCold    . . .     Faith    .   (shield restricted)
rNeg     . . .     Spirit   .   b - +0 robe
rPois    .         Reflect  .   (helmet restricted)
rElec    .         Harm     .   c - +0 cloak
rCorr    .         Rampage  .   (gloves unavailable)
Will     +....     NoTele   +   (boots unavailable)
Stlth    ++++++++..             m - amulet of invisibility {+Inv}
HPRegen  0.14/turn              (no ring)
MPRegen  0.11/turn              (no ring)

@: very slightly contaminated, very quick
A: very small, no large weapons, unfitting armour, see invisible, speed 3
a: Renounce Religion, Evoke Invisibility, Potion Petition, Call Merchant, Bribe
Branch


You were in the Dungeon.
You worshipped Gozag.
Gozag was pleased with you.
You visited 1 branch You collected 1038 gold pieces.
You spent 264 gold pieces at shops.

Inventory:

Hand Weapons
 a - a +2 vampiric dagger (weapon)
Missiles
 d - 8 poisoned darts
 e - 2 curare-tipped darts (quivered)
Armour
 b - a +0 robe (worn)
 c - a +0 cloak (worn)
Jewellery
 m - the amulet of invisibility (around neck) {+Inv}
   (You found it in the Dungeon)

   [amulet of nothing]

   +Inv:      It lets you turn invisible.
Scrolls
 k - a scroll of blinking
 l - 4 scrolls of identify
Potions
 f - 2 potions of curing
 g - a potion of heal wounds
 h - a potion of haste
 i - 2 potions of magic
 n - a potion of invisibility {unknown}


   Skills:
 * Level 5.9 Fighting
 + Level 5.4 Short Blades
 + Level 6.1 Throwing
 * Level 9.2 Dodging
 * Level 21.2 Stealth
 + Level 6.0 Evocations


You had 7 spell levels left.
You didn't know any spells.
Your spell library was empty.

Dungeon Overview and Level Annotations

Branches:
Dungeon (1/1)

Altars:
Cheibriados
Dithmenos
Elyvilon
Gozag
Hepliaklqana
Kikubaaqudgha
Makhleb
Nemelex Xobeh
Okawaru
Qazlal
Ru
Sif Muna
Trog
Uskayaw
Vehumet
Wu Jian
Xom
Yredelemnul
Zin
The Shining One
Beogh
Jiyva
Lugonu

Shops:
D ??=*


Innate Abilities, Weirdness & Mutations

You are very small and have problems with some larger weapons.
You are too small for most types of armour.
You have supernaturally acute eyesight. (SInv)
You cover ground extremely quickly. (Speed+++)


Message History

The puff of flame hits you!
You hit the burning bush but do no damage.
The burning bush is lightly damaged.
The burning bush throws fire at you. The puff of flame misses you.
You hit the burning bush.
The burning bush is lightly damaged.
You hit the burning bush but do no damage.
The burning bush is lightly damaged.
You completely miss the burning bush.
The burning bush is lightly damaged.
You hit the burning bush.
The burning bush is lightly damaged.
You hit the burning bush.
The burning bush is lightly damaged.
You hit the burning bush but do no damage.
The burning bush is lightly damaged.
The burning bush throws fire at you. The puff of flame hits you.
You aren't carrying any items that you can evoke.
You see here 4 gold pieces.
You now have 744 gold pieces (gained 4).
You see here 13 gold pieces.
You now have 757 gold pieces (gained 13).
The burning bush throws fire at you. The puff of flame misses you.
You see here 6 gold pieces.
You now have 763 gold pieces (gained 6).
You see here 11 gold pieces.
You now have 774 gold pieces (gained 11).
The burning bush throws fire at you. The puff of flame hits you!
The burning bush throws fire at you. The puff of flame hits you!
* * * LOW HITPOINT WARNING * * *
There is an open door here.
The burning bush throws fire at you. The puff of flame hits you!!
You die...
Your body crumbles into a pile of gold.

###########################
#<†..#.....#.....#.⌠._._._.
#PP..'.....'.#..)'.._._._._
#PPPP#.....#.#...#..._._._.
###############'##.._._._._
#...♣........'...#._._._._.
#......♣..@..#...##########
#.....♣..♣..######
##'####'##### #..#....+
#."#P)### $ $$ #######


You could see a burning bush.

Vanquished Creatures
  An oklob plant (D)
  A burning bush (D)
  2 wandering mushrooms (D)
  A queen bee (D)
  3 scorpions (D)
  4 killer bees (D)
  4 oklob saplings (D)
  2 spriggans (D)
  A river rat (D)
  A rat (D)
20 creatures vanquished.

Vanquished Creatures (others)
  A fungus (D)
1 creature vanquished.

Grand Total: 21 creatures vanquished

Notes
Turn   | Place    | Note
-------+----------+-------------------------------------------
     0 | D        | styxcanada the Spriggan Brigand began the quest for the
                  | Orb.
     0 | D        | Reached XP level 1. HP: 10/10 MP: 2/2
    18 | D        | Reached skill level 7 in Stealth
    18 | D        | Reached XP level 2. HP: 11/15 MP: 3/3
   102 | D        | Noticed an oklob sapling
   104 | D        | Killed an oklob sapling
   105 | D        | Reached skill level 9 in Stealth
   105 | D        | Reached XP level 3. HP: 19/19 MP: 4/4
   106 | D        | Noticed a scorpion
   106 | D        | Found the amulet of invisibility {+Inv}
   108 | D        | Killed a scorpion
   109 | D        | Reached skill level 11 in Stealth
   109 | D        | Reached XP level 4. HP: 23/23 MP: 5/5
   231 | D        | Found an opulent altar of Gozag.
   231 | D        | Found a hazy altar of Hepliaklqana.
   231 | D        | Found a burning altar of Makhleb.
   231 | D        | Found a sparkling altar of Nemelex Xobeh.
   231 | D        | Found a snail-covered altar of Cheibriados.
   231 | D        | Found a sacrificial altar of Ru.
   231 | D        | Found a shimmering blue altar of Sif Muna.
   231 | D        | Found a shimmering altar of Xom.
   231 | D        | Found a basalt altar of Yredelemnul.
   232 | D        | Found a viscous altar of Jiyva.
   232 | D        | Found a bloodstained altar of Trog.
   232 | D        | Found an ornate altar of the Wu Jian Council.
   233 | D        | Found an iron altar of Okawaru.
   233 | D        | Found a shadowy altar of Dithmenos.
   233 | D        | Found a glowing silver altar of Zin.
   234 | D        | Found an ancient bone altar of Kikubaaqudgha.
   234 | D        | Found a hide-covered altar of Uskayaw.
   235 | D        | Found a stormy altar of Qazlal.
   235 | D        | Found a white marble altar of Elyvilon.
   235 | D        | Found a glowing golden altar of the Shining One.
   236 | D        | Became a worshipper of Gozag Ym Sagoz the Greedy
   237 | D        | Found a corrupted altar of Lugonu.
   237 | D        | Found a radiant altar of Vehumet.
   241 | D        | Reached skill level 13 in Stealth
   241 | D        | Reached XP level 5. HP: 28/28 MP: 3/6
   401 | D        | Reached skill level 5 in Dodging
   401 | D        | Reached skill level 1 in Evocations
   407 | D        | Reached skill level 14 in Stealth
   408 | D        | Reached skill level 15 in Stealth
   438 | D        | Reached XP level 6. HP: 17/33 MP: 7/7
   592 | D        | Found Nualus Kofe's Magic Scroll Shop.
   592 | D        | Found Peefo's Magic Scroll Emporium.
   598 | D        | Bought a scroll of identify for 22 gold pieces
   598 | D        | Bought a scroll of identify for 22 gold pieces
   598 | D        | Bought a scroll of brand weapon for 220 gold pieces
   810 | D        | Noticed a burning bush
   810 | D        | Noticed a wandering mushroom
   811 | D        | Noticed a wandering mushroom
   815 | D        | Killed a wandering mushroom
   816 | D        | Reached skill level 17 in Stealth
   816 | D        | Killed a wandering mushroom
   817 | D        | Reached skill level 5 in Throwing
   817 | D        | Reached skill level 18 in Stealth
   817 | D        | Reached XP level 7. HP: 24/38 MP: 5/8
   819 | D        | Reached skill level 5 in Fighting
   844 | D        | Killed a burning bush
   845 | D        | Reached skill level 19 in Stealth
   859 | D        | Found Fooh's Jewellery Shoppe.
   860 | D        | Found Itoemm's General Store.
  1008 | D        | Reached XP level 8. HP: 43/43 MP: 6/9
  1014 | D        | Noticed a queen bee
  1021 | D        | Killed a queen bee
  1022 | D        | Reached skill level 5 in Evocations
  1023 | D        | Reached skill level 20 in Stealth
  1024 | D        | Reached skill level 5 in Short Blades
  1226 | D        | Noticed an oklob plant
  1229 | D        | Killed an oklob plant
  1230 | D        | Reached skill level 21 in Stealth
  1255 | D        | Noticed a burning bush
  1283 | D        | Killed from afar by a burning bush

Illustrated notes

Levels and vault maps discovered:
D:        dungeon_sprint_fedhas [sprint_temple]

Skill      XL: |  1  2  3  4  5  6  7  8 |
---------------+-------------------------+-----
Dodging        | 2 3 4 5 7 8 9 |  9.2
Stealth        | 7 9 11 13 15 18 19 21 | 21.2
Fighting       | 2 3 4 5 |  5.9
Short Blades   | 3 4 5 |  5.4
Throwing       | 3 5 6 |  6.1
Evocations     | 2 4 6 |  6.0

Action                   |  1- 3 |  4- 6 |  7- 9 || total
-------------------------+-------+-------+-------++-------
Melee: Dagger            |     5 |     8 |    40 ||    53
Throw: Dart              |     8 |     9 |       ||    17
 Abil: Evoke Invisibilit |       |     3 |     2 ||     5
  Use: Scroll            |       |     1 |       ||     1
       Potion            |       |       |     1 ||     1
 Stab: Sleeping          |     2 |     5 |     8 ||    15
       Invisible         |       |     1 |       ||     1
Dodge: Dodged            |     5 |     5 |     3 ||    13
